Map: Prion Terraces

Players

Iceman - Winner!

  • Race: Zerg Zerg
  • League: Diamond

IIIIIIIIII

  • Race: Zerg Zerg
  • League: Diamond

VOD

Have the link to the VOD?

Description

Time

  • Played on: Feb. 18, 2016, 6:18 a.m.
  • Length: 6:23
Show
View Real Time Build Order
Export as new Build Order

Iceman Zerg - Winner!

Build Orders: Hatch First 

Get SALT Encoding   

  12  0:01  Drone  
  13  0:12  Overlord  
  13  0:17  Drone  
  14  0:32  Drone x2  
  14  0:34  Drone  
  17  0:52  Hatchery  
  17  0:55  Drone  
  17  1:10  Spawning Pool  
  16  1:12  Drone  
  16  1:17  Drone, Extractor  
  17  1:21  Drone  
  18  1:28  Overlord  
  18  1:39  Drone  
  19  1:57  Drone  
  19  1:58  Queen  
  22  2:04  Zergling x4, Baneling Nest  
  22  2:08  Queen  
  25  2:17  Zergling x2  
  28  2:30  Drone x3  
  28  2:36  Metabolic Boost  
  29  2:40  Queen  
  29  2:43  Zergling x2  
  32  2:48  Overlord  
  32  2:59  Drone x2  
  32  3:00  Drone x2  
  35  3:07  Drone  
  35  3:11  Baneling x3  
  36  3:13  Drone x2  
  36  3:14  Drone  
  36  3:15  Drone  
  40  3:21  Extractor  
  39  3:29  Roach Warren  
  39  3:32  Overlord  
  38  3:41  Lair  
  38  3:46  Drone x5  
  43  3:51  Extractor  
  43  3:52  Spine Crawler  
  41  4:06  Drone  
  41  4:07  Drone x3  
  45  4:13  Roach x3  
  45  4:14  Overlord  
  51  4:36  Overlord x2  
  51  4:38  Glial Reconstitution  
  51  4:40  Roach x2  
  51  4:41  Roach x2  
  59  4:45  Overlord x2  
  59  4:54  Overlord  
  59  4:56  Roach x4  
  59  4:57  Roach  
  69  5:01  Roach  
  69  5:04  Roach  
  69  5:05  Roach  
  75  5:16  Roach x3  
  81  5:29  Roach x3  
  86  5:42  Roach x6  
  96  6:00  Spore Crawler  
  96  6:03  Roach x2  
  99  6:05  Extractor  
  99  6:06  Hatchery  
  99  6:11  Spore Crawler  
Show
View Real Time Build Order
Export as new Build Order

IIIIIIIIII Zerg 

Build Orders: Pool First 

Get SALT Encoding   

  12  0:01  Drone  
  13  0:08  Drone  
  14  0:17  Overlord  
  14  0:23  Drone, Extractor  
  15  0:35  Drone x2  
  17  0:46  Spawning Pool  
  16  0:53  Drone  
  17  1:04  Extractor  
  16  1:13  Hatchery  
  16  1:15  Drone  
  16  1:20  Drone  
  17  1:33  Queen  
  17  1:38  Drone  
  21  1:40  Drone  
  21  1:44  Drone  
  22  2:00  Overlord  
  22  2:07  Metabolic Boost  
  22  2:17  Overlord  
  22  2:20  Queen  
  24  2:25  Queen  
  24  2:29  Drone  
  27  2:32  Drone  
  27  2:34  Drone  
  29  2:38  Drone  
  29  2:40  Drone  
  31  2:48  Baneling Nest  
  30  2:54  Spine Crawler  
  29  3:11  Drone  
  29  3:12  Drone x5  
  35  3:19  Drone x2  
  37  3:23  Extractor  
  36  3:37  Zergling x2  
  36  3:38  Hatchery  
  36  3:39  Zergling x2  
  36  3:40  Zergling x2  
  38  3:43  Zergling x4  
  40  3:56  Baneling x2  
  40  3:59  Evolution Chamber  
  39  4:08  Drone  
  39  4:09  Drone x2  
  42  4:10  Queen  
  44  4:17  Lair  
  44  4:22  Roach Warren  
  43  4:24  Zerg Missile Weapons Level 1  
  43  4:25  Evolution Chamber  
  43  4:31  Overlord x3  
  42  4:40  Extractor  
  42  4:41  Drone x3, Extractor  
  43  4:54  Drone x7  
  50  5:11  Drone  
  51  5:19  Drone  
  51  5:20  Drone x5  
  57  5:37  Spine Crawler  
  57  5:41  Roach  
  57  5:42  Roach x5  
  61  5:53  Roach x4  
  61  5:55  Baneling  
  61  5:56  Baneling  
Tags
 
Add a new tag
Caveats
  • Supply blocks, unpowered buildings, or Contaminate may cause inaccurate times.
  • Supply counts are checked every 10 seconds.